 Dungeon Crawl Stone Soup version 0.19.1-1-g22dce08 (webtiles) character file.

1155 Ladykiller69 the Chopper (level 8, -14/60 HPs)
             Began as a Formicid Fighter on Jan 10, 2017.
             Was a Believer of Cheibriados.
             Demolished by an orc warrior
             ... wielding a +0 mace
              (20 damage)
             ... on level 6 of the Dungeon.
             The game lasted 00:11:01 (4490 turns).

Ladykiller69 the Chopper (Formicid Fighter)         Turns: 4490, Time: 00:11:01

Health: -14/60     AC:  8    Str: 30    XL:     8   Next: 66%
Magic:  8/8        EV:  9    Int: 14    God:    Cheibriados [**....]
Gold:   231        SH: 17    Dex: 14    Spells: 0 memorised, 7 levels left

rFire  . . .     SeeInvis +     a - +0 war axe
rCold  . . .     Gourm    .     b - +0 scale mail
rNeg   . . .     Faith    .     c - +0 shield
rPois  .         Spirit   .     (helmet unavailable)
rElec  .         Reflect  +     (no cloak)
rCorr  .         Harm     .     C - +0 pair of gloves
MR     .....                    (no boots)
Stlth  ..........               n - +5 amulet of reflection
                                (no ring)
                                (no ring)

@: mighty, very slow
A: permanent stasis, dig shafts and tunnels, four strong arms, antennae 3
a: Dig, Shaft Self, Bend Time, Renounce Religion


You were on level 6 of the Dungeon.
You worshipped Cheibriados.
Cheibriados was pleased with you.
You were not hungry.

You visited 2 branches of the dungeon, and saw 7 of its levels.

You collected 231 gold pieces.

Inventory:

Hand Weapons
 a - a +0 war axe (weapon)
 E - a +0 arbalest
 H - a +0 battleaxe
Missiles
 h - 164 stones
 D - an exploding tomahawk
 F - 5 tomahawks (quivered)
Armour
 b - a +0 scale mail (worn)
 c - a +0 shield (worn)
 C - a +0 pair of gloves (worn)
Jewellery
 n - a +5 amulet of reflection (around neck)
 v - a +1 ring of protection {unknown}
 w - an uncursed ring of positive energy {unknown}
 z - an uncursed ring of stealth {unknown}
Scrolls
 g - 2 scrolls of identify {unknown}
 j - 2 scrolls of teleportation {unknown}
 l - 2 scrolls of enchant armour {unknown}
 m - 2 scrolls of amnesia {unknown}
 o - a scroll of noise {unknown}
 r - a scroll of enchant weapon {unknown}
 s - a scroll of blinking {unknown}
 t - 2 scrolls of fog {unknown}
 y - 3 scrolls of remove curse {unknown}
Potions
 d - 6 potions of might
 e - a potion of lignification {unknown}
 i - 2 potions of mutation {unknown}
 u - a potion of agility {unknown}
 x - a potion of curing
 B - a potion of brilliance {unknown}
 G - 2 potions of haste {unknown}
Comestibles
 f - 4 bread rations
 k - 3 meat rations
 p - 6 chunks of flesh
 q - 2 beef jerkies
 A - 5 fruits


   Skills:
 - Level 4.2 Fighting
 * Level 7.6 Axes
 - Level 4.2 Armour
 + Level 7.3 Shields


You had 7 spell levels left.
You didn't know any spells.

Dungeon Overview and Level Annotations

Branches:
Dungeon (6/15)             Temple (1/1) D:4

Altars:
Cheibriados
Dithmenos
Elyvilon
Fedhas
Hepliaklqana
Kikubaaqudgha
Nemelex Xobeh
Qazlal
Ru
Sif Muna
Uskayaw
Vehumet
Yredelemnul
Zin


Innate Abilities, Weirdness & Mutations

You are under a permanent stasis effect.
You can dig through walls and to a lower floor.
Your four strong arms can wield two-handed weapons with a shield.
You have a pair of large antennae on your head. (SInv)


Message History

The orc warrior is lightly wounded.
You hit the orc but do no damage.
The orc warrior hits you but does no damage.
The orc hits you with a club.
* * * LOW HITPOINT WARNING * * *
You hit the orc warrior.
The orc warrior is moderately wounded.
You closely miss the orc. The orc warrior hits you with a mace!
* * * LOW HITPOINT WARNING * * *
You block the orc's attack.
You feel better. The orc warrior hits you with a mace.
* * * LOW HITPOINT WARNING * * *
You block the orc's attack.
You feel very mighty all of a sudden. You block the orc warrior's attack.
You block the orc's attack.
You closely miss the orc warrior.
The orc warrior is moderately wounded.
You closely miss the orc. The orc hits you but does no damage.
The orc warrior hits you with a mace!!
You die...

###### # #..# # #..#
###### #..# .....#
#..# ####.# ####..#
.# #.# ..#._# ## #.#
#.#)o###### # #.#
#.####.#@o...... #
#.# #........#######
# #.# ######.#...# #
#.#########.#.#....#
#
#...........#.####.#
#############.# #
#.# #.# .#


You could see an orc warrior and an orc.

Vanquished Creatures
  An orc warrior (D:6)
  An ogre (D:5)
  2 centaurs (D:5)
  A big kobold (D:4)
  A scorpion (D:5)
  3 crimson imps (D:5)
  2 hounds (D:5)
  A jelly (D:3)
  A bullfrog skeleton (D:4)
  A centaur skeleton (D:5)
  A worker ant (D:6)
  8 orc wizards
  A killer bee zombie (D:5)
  5 adders
  2 worms
  2 dart slugs
  3 leopard geckos
  19 orcs
  5 giant cockroaches
  8 goblins
  10 hobgoblins
  13 jackals
  3 quokkas
  A ball python (D:6)
  9 bats
  5 frilled lizards
  13 kobolds
  A leopard gecko skeleton (D:6)
  6 rats
129 creatures vanquished.

Notes
Turn   | Place    | Note
-------+----------+-------------------------------------------
     0 | D:1      | Ladykiller69 the Formicid Fighter began the quest for the Orb.
     0 | D:1      | Reached XP level 1. HP: 18/18 MP: 1/1
    31 | D:1      | Reached XP level 2. HP: 21/24 MP: 2/2
   704 | D:1      | Reached XP level 3. HP: 29/29 MP: 3/3
  1213 | D:2      | Reached XP level 4. HP: 37/37 MP: 4/4
  1690 | D:3      | Noticed a big kobold
  1981 | D:3      | Reached XP level 5. HP: 40/42 MP: 5/5
  2748 | D:4      | Killed a big kobold
  2748 | D:4      | Reached XP level 6. HP: 41/48 MP: 6/6
  2799 | D:4      | Reached skill level 5 in Shields
  2849 | D:4      | Found a staircase to the Ecumenical Temple.
  2949 | Temple   | Entered the Ecumenical Temple
  3092 | Temple   | Became a worshipper of Cheibriados the Contemplative
  3441 | D:5      | Entered Level 5 of the Dungeon
  3449 | D:5      | Reached skill level 5 in Axes
  3449 | D:5      | Reached XP level 7. HP: 49/54 MP: 7/7
  3836 | D:5      | Reached * piety under Cheibriados
  3841 | D:5      | Reached XP level 8. HP: 60/60 MP: 8/8
  3976 | D:5      | Found a sacrificial altar of Ru.
  4363 | D:6      | Found an ancient bone altar of Kikubaaqudgha.
  4419 | D:6      | Reached ** piety under Cheibriados
  4471 | D:6      | Found a blossoming altar of Fedhas.
  4487 | D:6      | HP: 1/60 [orc warrior/mace (11)]
  4490 | D:6      | Demolished by an orc warrior

Skill      XL: |  1  2  3  4  5  6  7  8 |
---------------+-------------------------+-----
Shields        | 4 5 6 7 |  7.3
Axes           | 3 4 5 6 7 |  7.6
Fighting       | 4 |  4.2
Armour         | 4 |  4.2

Action                   |  1- 3 |  4- 6 |  7- 9 || total
-------------------------+-------+-------+-------++-------
Melee: War axe           |   108 |   207 |   172 ||   487
Throw: Tomahawk          |       |       |     3 ||     3
Invok: Bend Time         |       |       |     1 ||     1
 Abil: Dig               |       |     4 |     1 ||     5
  Use: Potion            |       |       |     2 ||     2
  Eat: Chunk             |     1 |     9 |     3 ||    13
Armor: Scale mail        |    40 |    78 |    42 ||   160
Dodge: Dodged            |    28 |    57 |    42 ||   127
Block: Shield            |    80 |   196 |   157 ||   433
       Reflection        |     2 |     1 |     3 ||     6
